Map: Ulrena

Players

ILLBdA - Winner!

  • Race: Protoss Protoss
  • League: Diamond

UltraMarine

  • Race: Terran Terran
  • League: Diamond

VOD

Have the link to the VOD?

Description

Time

  • Played on: Dec. 31, 2015, 5:09 a.m.
  • Length: 5:23
Show
View Real Time Build Order
Export as new Build Order

ILLBdA Protoss - Winner!

Build Orders: Cannon Rush 

Get SALT Encoding   

  12  0:01  Probe (Chrono Boost)  
  13  0:11  Probe (Chrono Boost)  
  14  0:19  Pylon  
  14  0:23  Probe (Chrono Boost)  
  15  0:37  Probe (Chrono Boost)  
  15  0:39  Forge  
  16  0:48  Probe (Chrono Boost)  
  17  0:58  Probe (Chrono Boost)  
  18  1:10  Pylon  
  18  1:14  Pylon x2  
  18  1:20  Pylon  
  18  1:28  Photon Cannon  
  18  1:31  Pylon  
  18  1:36  Photon Cannon  
  18  1:49  Pylon  
  17  1:54  Photon Cannon  
  17  2:07  Pylon  
  17  2:25  Photon Cannon  
  17  2:29  Photon Cannon  
  17  2:37  Gateway  
  17  2:38  Gateway  
  17  2:43  Photon Cannon  
  17  2:56  Photon Cannon  
  17  3:03  Photon Cannon  
  17  3:22  Photon Cannon  
  17  3:25  Zealot (Chrono Boost)  
  17  3:26  Zealot (Chrono Boost)  
  21  3:28  Photon Cannon  
  21  3:37  Pylon  
  21  3:52  Zealot (Chrono Boost)  
  25  3:56  Zealot (Chrono Boost)  
  25  3:58  Photon Cannon  
  23  4:15  Zealot (Chrono Boost)  
  23  4:23  Zealot (Chrono Boost)  
  21  4:39  Zealot (Chrono Boost)  
  23  4:50  Zealot (Chrono Boost)  
  22  5:15  Assimilator  
  22  5:20  Cybernetics Core  
  22  5:21  Assimilator  
Show
View Real Time Build Order
Export as new Build Order

UltraMarine Terran 

Build Orders:  

Get SALT Encoding   

  12  0:01  SCV  
  13  0:13  SCV  
  14  0:19  Supply Depot  
  14  0:25  SCV  
  15  0:40  SCV  
  15  0:42  Barracks  
  16  0:49  Refinery  
  16  0:52  SCV  
  17  1:04  SCV  
  18  1:16  SCV  
  19  1:29  SCV, Marine  
  19  1:31  Bunker  
  21  1:44  Orbital Command  
  21  1:47  Marine  
  21  2:06  Factory  
  21  2:19  Bunker  
  21  2:24  Supply Depot  
  21  2:26  SCV  
  21  2:39  Barracks  
  21  2:40  SCV  
  22  2:49  Supply Depot  
  22  2:50  Factory Tech Lab  
  22  2:55  SCV  
  23  3:13  Siege Tank  
  25  3:21  SCV  
  26  3:28  Marine  
  24  3:44  Refinery  
  24  3:45  Siege Tank  
  24  3:46  Marine  
  24  3:47  Supply Depot  
  18  4:21  Marine  
  17  4:27  Factory Tech Lab  
  17  4:35  SCV  
  16  4:39  Marine  
  14  4:57  Marine  
  13  5:08  SCV  
Tags
 
Matchup
PvT
Replay Pack
me
Add a new tag
Caveats
  • Supply blocks, unpowered buildings, or Contaminate may cause inaccurate times.
  • Supply counts are checked every 10 seconds.